 Dungeon Crawl Stone Soup version 0.18.1-48-g4cf74bf (webtiles) character file.

201 kobby the Shield-Bearer (level 6, -12/48 HPs)
             Began as a Human Fighter on July 12, 2016.
             Mangled by TBriggs11TB's ghost (15 damage)
             ... on level 4 of the Dungeon.
             The game lasted 00:14:51 (976 turns).

kobby the Shield-Bearer (Human Fighter)              Turns: 976, Time: 00:14:51

Health: -12/48     AC:  6    Str: 23      XL:     6   Next: 7%
Magic:  6/6        EV:  8    Int:  7 (8)  God:
Gold:   25         SH:  9    Dex: 11 (12) Spells: 0 memorised, 5 levels left

rFire  . . .     SeeInvis .     a - +0 war axe
rCold  . . .     Gourm    .     b - +0 scale mail
rNeg   . . .     Faith    .     c - +0 shield
rPois  .         Spirit   .     (no helmet)
rElec  .         Dismiss  .     (no cloak)
rCorr  .         Reflect  .     (no gloves)
SustAt .         Harm     .     (no boots)
MR     .....                    (no amulet)
Stlth  ..........               (no ring)
                                j - +4 ring of strength

@: not resistant to hostile enchantments, extremely unstealthy
A: no striking features
a: no special abilities


You were on level 4 of the Dungeon.
You were hungry.

You visited 1 branch of the dungeon, and saw 4 of its levels.

You collected 25 gold pieces.

Inventory:

Hand Weapons
 a - a +0 war axe (weapon)
 e - a +0 club
 g - a +0 short sword
 h - a +0 club
 k - a +0 club
Armour
 b - a +0 scale mail (worn)
 c - a +0 shield (worn)
Jewellery
 j - a +4 ring of strength (left hand)
Scrolls
 i - a scroll of enchant armour {YES! I have it., unknown}
 l - 2 scrolls of remove curse {unknown}
 p - a scroll of fear {unknown}
 q - a scroll of amnesia {unknown}
 t - a scroll of fog {unknown}
Potions
 d - a potion of might
 m - 3 potions of ambrosia {unknown}
 n - a potion of invisibility {unknown}
 r - 2 potions of degeneration
 s - a potion of lignification {unknown}
Comestibles
 f - 2 bread rations
 o - a meat ration


   Skills:
 + Level 3.9 Fighting
 + Level 3.0 Axes
 + Level 3.5 Armour
 + Level 2.1 Dodging
 + Level 0.7 Stealth
 + Level 4.0 Shields


You had 5 spell levels left.
You didn't know any spells.

Dungeon Overview and Level Annotations

Branches:
Dungeon (4/15)
 Temple: D:4-7

Altars:
Makhleb
Qazlal

Annotations:
D:4 TBriggs11TB's ghost, amateur DDFi


Message History

Your shield and scale mail prevent you from hitting TBriggs11TB's ghost.
TBriggs11TB's ghost is moderately damaged.
TBriggs11TB's ghost barely misses you.
You barely miss TBriggs11TB's ghost.
TBriggs11TB's ghost is moderately damaged.
You block TBriggs11TB's ghost's attack. TBriggs11TB's ghost hits you!
* * * LOW HITPOINT WARNING * * *
You barely miss TBriggs11TB's ghost.
TBriggs11TB's ghost is moderately damaged.
You block TBriggs11TB's ghost's attack.
You barely miss TBriggs11TB's ghost.
TBriggs11TB's ghost is moderately damaged.
You are feeling hungry.
TBriggs11TB's ghost says, "You can hit me, but you can't hurt me."
TBriggs11TB's ghost hits you!
* * * LOW HITPOINT WARNING * * *
You hit TBriggs11TB's ghost.
TBriggs11TB's ghost is moderately damaged.
TBriggs11TB's ghost hits you!
You die...

#### ...### ...#E#
...#### # ......##.#####
#.#.
._...........######.....
......### #.....$...#.#
...#### #.# #.@W....#
...#E#.# #.###.###.#.#
...####.###.##...##.#
.### ##...รท........# #
..## ##.###.##...#..#.#
.#.###....#.###.##..#.#
.##.#.###.#.# #.......#
.....## .#.######..#.#
###<## #.#..#......#.#


You could see TBriggs11TB's ghost.

Vanquished Creatures
  Eustachio (D:4)
  An adder (D:3)
  A dart slug (D:1)
  A giant gecko (D:4)
  5 orcs
  2 bats
  A giant cockroach (D:1)
  A goblin (D:1)
  4 hobgoblins
  3 jackals (D:3)
  3 kobolds
  A quokka skeleton (D:3)
  4 rats
28 creatures vanquished.

Vanquished Creatures (others)
  An orc wizard (D:4)
1 creature vanquished.

Grand Total: 29 creatures vanquished

Notes
Turn   | Place    | Note
--------------------------------------------------------------
     0 | D:1      | kobby the Human Fighter began the quest for the Orb.
     0 | D:1      | Reached XP level 1. HP: 18/18 MP: 1/1
   147 | D:1      | Reached XP level 2. HP: 17/24 MP: 2/2
   355 | D:2      | Found a burning altar of Makhleb.
   422 | D:3      | Reached XP level 3. HP: 22/29 MP: 3/3
   708 | D:4      | Found a stormy altar of Qazlal.
   708 | D:4      | Noticed an earth elemental
   709 | D:4      | Noticed an air elemental
   709 | D:4      | Noticed a water elemental
   709 | D:4      | Noticed a fire elemental
   742 | D:4      | HP: 1/29 [orc wizard/puff of flame (7)]
   745 | D:4      | Reached skill level 1 in Dodging
   745 | D:4      | Reached XP level 4. HP: 1/35 MP: 4/4
   910 | D:4      | Noticed Eustachio
   924 | D:4      | Killed Eustachio
   924 | D:4      | Reached skill level 4 in Shields
   924 | D:4      | Reached XP level 5. HP: 39/42 MP: 5/5
   924 | D:4      | Reached XP level 6. HP: 45/48 MP: 6/6
   962 | D:4      | Noticed TBriggs11TB's ghost (amateur DDFi)
   976 | D:4      | Mangled by TBriggs11TB's ghost

Skill      XL: |  1  2  3  4 |
---------------+-------------+-----
Dodging        | 1 2 |  2.1
Axes           | 3 |  3.0
Shields        | 4 |  4.0
Fighting       | |  3.9
Armour         | |  3.5
Stealth        | |  0.7

Action                   |  1- 3 |  4- 6 || total
-------------------------+-------+-------++-------
Melee: War axe           |    84 |    23 ||   107
  Use: Potion            |     1 |     2 ||     3
Armor: Scale mail        |    61 |    20 ||    81
Dodge: Dodged            |    49 |     7 ||    56
Block: Shield            |    83 |    16 ||    99
